AoeStats
← tony le gros rou

Black Forest

505965550Analyzed
4v4 RM · 19d ago on Sep 11, 2026· 13m 54s· 8 players
Game mode
Random Map
Map size
Large (8 player)
Population
200
Speed
Normal
Resources
Standard
Victory
Conquest
Starting age
Dark Age
Ending age
Imperial Age
RankedLock teamsTeams togetherTeam positionsShared explorationLock speedFull tech treeHidden civsTurbo modeCheats
Victory
Defeat
🇫🇷 Jurchens · France
1573
+10
🇫🇷 Saracens · France
1415
+16
🇫🇷 Britons · France
1400
+17
🇩🇪 Shu · Germany
1383
+19
🇹🇼 Celts · Taiwan
1457
-17
🇨🇴 Lithuanians · Colombia
1440
-16
🇧🇷 Dravidians · Brazil
1439
-16
🇨🇿 Spanish · Czechia
1379
-13
Rakosnik
0:37 Loom
10:55 Feudal Age
14:22 Castle Age
13:27 Double-Bit Axe
13:24 Horse Collar
Istar
0:49 Loom
9:51 Feudal Age
10:17 Double-Bit Axe
10:19 Town Watch
10:52 Fishing Lines
_K1R4_
7:05 Loom
超可愛小海豹
0:27 Loom
11:25 Feudal Age
12:08 Double-Bit Axe
12:20 Fishing Lines
tony le gros rou
7:18 Loom
10:44 Feudal Age
14:56 Castle Age
ccereal
6:08 Loom
8:21 Feudal Age
8:56 Double-Bit Axe
12:24 Fletching
14:13 Padded Archer Armor
Frorok
10:41 Feudal Age
11:50 Double-Bit Axe
p0n0n0
6:16 Loom
9:16 Feudal Age
14:09 Fletching
Connection lost

Rejoining the realm…

Still unreachable

The connection could not be restored.

Session expired

The server has moved on; the page needs a fresh start.